 Dungeon Crawl Stone Soup version 0.19.5 (webtiles) character file.

73 tidbits the Grave Robber (level 4, 0/27 HPs)
             Began as a High Elf Necromancer on Oct 29, 2017.
             Slain by a worker ant (5 damage)
             ... on level 4 of the Dungeon.
             The game lasted 00:05:10 (749 turns).

tidbits the Grave Robber (High Elf Necromancer)      Turns: 749, Time: 00:05:11

Health: 0/27       AC:  3    Str:  8    XL:     4   Next: 8%
Magic:  0/9        EV: 13    Int: 19    God:
Gold:   69         SH:  0    Dex: 15    Spells: 4 memorised, 1 level left

rFire  . . .     SeeInvis .     k - +0 morningstar
rCold  . . .     Gourm    .     e - +0 robe
rNeg   . . .     Faith    .     (no shield)
rPois  .         Spirit   .     E - +0 helmet
rElec  .         Reflect  .     (no cloak)
rCorr  .         Harm     .     (no gloves)
MR     .....                    (no boots)
Stlth  ++........               (no amulet)
                                (no ring)
                                (no ring)

@: lethally poisoned (0 -> -15)
A: no striking features
a: no special abilities


You were on level 4 of the Dungeon.
You were hungry.

You visited 1 branch of the dungeon, and saw 4 of its levels.

You collected 69 gold pieces.

Inventory:

Hand Weapons
 a - a +0 club
   (You took it off Ijyb on level 3 of the Dungeon)
 k - a +0 morningstar (weapon)
   (You found it on level 3 of the Dungeon)
Missiles
 d - 12 arrows
Armour
 e - a +0 robe (worn)
 f - a +0 ring mail
   (You found it on level 4 of the Dungeon)
 E - a +0 helmet (worn)
   (You found it on level 2 of the Dungeon)
Scrolls
 h - a scroll of immolation
 i - 2 scrolls of enchant weapon {unknown}
Potions
 j - a potion of haste
 m - a potion of lignification
Books
 b - a book of Necromancy

   Spells                             Type                      Level
   a - Pain                           Necromancy                   1
   b - Animate Skeleton               Necromancy                   1
   c - Vampiric Draining              Necromancy                   3
   d - Regeneration                   Charms/Necromancy            3
   e - Animate Dead                   Necromancy                   4
   f - Control Undead                 Necromancy                   4
Comestibles
 c - 2 bread rations
 g - a meat ration


   Skills:
 - Level 2.1 Dodging
 - Level 2.1 Stealth
 + Level 3.3 Spellcasting
 * Level 4.3 Necromancy


You had one spell level left.
You knew the following spells:

 Your Spells              Type           Power        Failure   Level  Hunger
a - Pain                  Necr           ###.         2%          1    None
n - Animate Skeleton      Necr           N/A          2%          1    None
r - Regeneration          Chrm/Necr      ##........   21%         3    ###....
v - Vampiric Draining     Necr           ###.......   10%         3    ###....


Dungeon Overview and Level Annotations

Branches:
Dungeon (4/15)
 Temple: D:4-7

Altars:


Message History

It is a scroll of identify.
j - a potion of haste
As you read the scroll of identify, it crumbles to dust.
m - a potion of lignification
Found a scroll labeled ALI ERROOJE.
Found 10 gold pieces.
You see here a scroll labeled ALI ERROOJE.
i - 2 scrolls labeled ALI ERROOJE (gained 1)
An adder comes into view.
You see here 10 gold pieces.
You now have 69 gold pieces (gained 10).
You swap places.
What are your orders? t - Shout!
Orders for allies: a - Attack new target. r - Retreat! s - Stop attacking. g - Guard the area. f - Follow me.
Anything else - Cancel.
Gang up on whom?
Press: ? - help, Dir - move target cursor, f - adder
Aim: an adder Attack!
The adder bites your jackal skeleton.
Your jackal skeleton misses the adder.
The adder bites your jackal skeleton.
The adder closely misses your jackal skeleton.
Your jackal skeleton closely misses the adder.
The adder bites your jackal skeleton.
Your jackal skeleton explodes!
The fiery explosion engulfs the adder.
You kill the adder!
You have reached level 4!
Wield which item (- for none, * to show all)? (? for menu, Esc to quit)
b - a book of Necromancy (in hand)
You swing at nothing.
You swing at nothing.
You swing at nothing.
You swing at nothing.
You swing at nothing.
You swing at nothing.
You swing at nothing.
You swing at nothing.
You swing at nothing.
You swing at nothing.
A worker ant comes into view.
Casting: Animate Skeleton
Confirm with . or Enter, or press ? or * to list all spells.
Aiming: Pain
Press: ? - help, Shift-Dir - straight line, f - worker ant
Aim: a worker ant (hasn't noticed you, chance to defeat MR: 84%)
The worker ant twitches its antennae in your direction.
The worker ant barely resists.
You are feeling hungry.
Casting: Pain
Confirm with . or Enter, or press ? or * to list all spells.
Aiming: Pain
Press: ? - help, Shift-Dir - straight line, f/p - worker ant
Aim: a worker ant (chance to defeat MR: 84%)
The worker ant barely resists.
Casting: Pain
Confirm with . or Enter, or press ? or * to list all spells.
Aiming: Pain
Press: ? - help, Shift-Dir - straight line, f/p - worker ant
Aim: a worker ant (chance to defeat MR: 84%)
The worker ant writhes in agony!
Casting: Pain
Confirm with . or Enter, or press ? or * to list all spells.
Aiming: Pain
Press: ? - help, Shift-Dir - straight line, f/p - worker ant
Aim: a worker ant (lightly wounded, chance to defeat MR: 84%)
The worker ant writhes in agony!
The worker ant bites you.
You are poisoned.
The worker ant poisons you! The worker ant misses you.
Casting: Pain
Confirm with . or Enter, or press ? or * to list all spells.
Aiming: Pain
Press: ? - help, Shift-Dir - straight line, f/p - worker ant
Aim: a worker ant (heavily wounded, chance to defeat MR: 84%)
The worker ant barely resists.
You feel sick. The worker ant closely misses you.
Really attack while wielding your book of Necromancy?
Okay, then.
Wield which item (- for none, * to show all)? (? for menu, Esc to quit)
k - a +0 morningstar (weapon)
You hit the worker ant.
The worker ant is almost dead.
You feel sick. The worker ant barely misses you.
The worker ant closely misses you.
You closely miss the worker ant.
The worker ant is almost dead.
You feel sick. The worker ant bites you.
* * * LOW HITPOINT WARNING * * *
You are lethally poisoned!
The worker ant poisons you! The worker ant bites you.
* * * LOW HITPOINT WARNING * * *
You are more poisoned.
The worker ant poisons you!
You closely miss the worker ant.
The worker ant is almost dead.
* * * LOW HITPOINT WARNING * * *
You feel sick. The worker ant bites you.
You die...

.# ##≈≈≈≈..
#.####.####..###≈≈≈≈≈..
#.....#......##≈≈≈≈≈≈..
######.# ##≈≈≈≈≈≈≈..
#.# #≈≈≈≈≈≈≈≈.. #.#
#≈≈≈≈≈≈≈≈.. #.#
###≈≈≈≈≈≈≈♣.. #a#
#.'........♣♣ #@#
#.'........♣♣
#.####.#≈≈≈≈≈≈≈♣..
#....%.#≈≈≈≈≈≈≈≈..
########≈≈≈≈≈≈≈≈..
##≈≈≈≈≈≈≈.. ##≈≈≈≈≈≈..
##≈≈≈≈≈.. ##≈≈≈≈..
##hh≈..


You could see a worker ant.

Vanquished Creatures
  Ijyb (D:3)
  3 adders
  A leopard gecko (D:3)
  2 orcs (D:3)
  A ball python (D:2)
  A goblin (D:3)
  A hobgoblin (D:3)
  3 jackals (D:4)
  A frilled lizard (D:4)
  A leopard gecko skeleton (D:4)
  A quokka skeleton (D:4)
  2 rats
18 creatures vanquished.

Vanquished Creatures (collateral kills)
  A leopard gecko (D:3)
  A hobgoblin (D:3)
2 creatures vanquished.

Grand Total: 20 creatures vanquished

Notes
Turn   | Place    | Note
-------+----------+-------------------------------------------
     0 | D:1      | tidbits the High Elf Necromancer began the quest for the Orb.
     0 | D:1      | Reached XP level 1. HP: 11/11 MP: 4/4
   120 | D:3      | Noticed Ijyb
   193 | D:3      | Killed Ijyb
   193 | D:3      | Reached XP level 2. HP: 5/17 MP: 2/6
   208 | D:3      | Learned a level 1 spell: Animate Skeleton
   240 | D:3      | Reached XP level 3. HP: 4/21 MP: 1/8
   245 | D:3      | Learned a level 3 spell: Vampiric Draining
   324 | D:3      | Reached skill level 3 in Spellcasting
   324 | D:3      | Reached skill level 4 in Necromancy
   501 | D:3      | Learned a level 3 spell: Regeneration
   597 | D:4      | Noticed a slave
   726 | D:4      | Reached XP level 4. HP: 19/27 MP: 2/9
   749 | D:4      | Slain by a worker ant

Skill      XL: |  1  2  3 |
---------------+----------+-----
Spellcasting   | 3 |  3.3
Necromancy     | 4 |  4.3
Dodging        | |  2.1
Stealth        | |  2.1

Action                   |  1- 3 |  4- 6 || total
-------------------------+-------+-------++-------
Melee: Morningstar       |     2 |     3 ||     5
 Cast: Pain              |    36 |     5 ||    41
       Animate Skeleton  |     6 |       ||     6
       Vampiric Draining |     4 |       ||     4
       Regeneration      |     1 |       ||     1
  Use: Scroll            |     3 |       ||     3
Armor: Robe              |     1 |       ||     1
Dodge: Dodged            |    15 |     4 ||    19

Table legend:
 A = Turns spent in this place as a percentage of turns spent in the entire game.
 B = Non-inter-level travel turns spent in this place as a percentage of non-inter-level travel turns spent in the entire game.
 C = Inter-level travel turns spent in this place as a percentage of turns spent in this place.
 D = Turns resting spent in this place as a percentage of non-inter-level travel turns spent in this place.
 E = Turns spent auto-exploring this place as a percentage of non-inter-level travel turns spent in this place.
 F = Non-inter-level travel turns spent in this place divided by the number of levels of this place that you've seen.
                   A       B       C       D       E      F
               +-------+-------+-------+-------+-------+----------------------
         Total | 100.0 | 100.0 |   0.0 |   0.0 |   0.0 | 165.5
       Dungeon | 100.0 | 100.0 |   0.0 |   0.0 |   0.0 | 165.5
               +-------+-------+-------+-------+-------+----------------------

Table legend:
 A = Kills in this place as a percentage of kills in entire the game.
 B = Kills by you in this place as a percentage of kills by you in the entire game.
 C = Kills by friends in this place as a percentage of kills by friends in the entire game.
 D = Other kills in this place as a percentage of other kills in the entire game.
 E = Experience gained in this place as a percentage of experience gained in the entire game.
 F = Experience gained in this place divided by the number of levels of this place that you have seen.
                   A       B       C       D       E      F
               +-------+-------+-------+-------+-------+----------------------
         Total | 100.0 | 100.0 | 100.0 |  -nan | 100.0 |  26.2
       Dungeon | 100.0 | 100.0 | 100.0 |  -nan | 100.0 |  26.2
               +-------+-------+-------+-------+-------+----------------------

Vault maps used:
D:1:      dpeg_arrival_pits, serial_bayou_pond_d
D:2:      ecumenical_altar_1
D:3:      first_bread, uniq_iyjb
D:4:      kennysheep_big_flooded_room, marbit_many_paths,
          grunt_decor_resistance, roderic_lattice_a, grunt_tough_drop,
          uniq_pikel
